 Dungeon Crawl Stone Soup version 0.30-a0-368-g86fb4627a9 (webtiles) character file.

Game seed: 4935137773750921308

54533 Conn the Arsonist (level 14, -1/72 HPs)
             Began as an Octopode Fire Elementalist on Nov 19, 2022.
             Was a High Priest of Sif Muna.
             Slain by a komodo dragon (31 damage)
             ... on level 5 of the Lair of Beasts.
             The game lasted 01:23:07 (20242 turns).

Conn the Arsonist (Octopode Fire Elementalist)     Turns: 20242, Time: 01:23:08

Health: -1/72      AC:  5    Str:  7    XL:     14   Next: 73%
Magic:  23/40      EV: 14    Int: 23    God:    Sif Muna [*****.]
Gold:   420        SH:  0    Dex: 12    Spells: 8/40 levels left

rFire   + + .      SeeInvis +    b - staff of fire
rCold   x . .      Faith    .    (no shield)
rNeg    . . .      Spirit   .    e - +0 hat {SInv}
rPois   +          Reflect  .    n - amulet of magic regeneration
rElec   .          Harm     .    g - ring of fire
rCorr   .          Rampage  .    s - ring of magical power
Will    ++...                    J - ring of see invisible
Stlth   ++++......               L - ring of willpower
HPRegen 0.32/turn                M - ring of poison resistance
MPRegen 0.67/turn                N - +4 ring of protection
                                 O - ring of wizardry
                                 (no ring)

@: no status effects
A: almost no armour, amphibious, 8 rings, camouflage 1, gelatinous body 1,
(nimble swimmer 1), tentacles, frail 1
a: Renounce Religion, Channel Magic, Forget Spell, Divine Exegesis


You were on level 5 of the Lair of Beasts.
You worshipped Sif Muna.
Sif Muna was extremely pleased with you.
You visited 4 branches of the dungeon, and saw 19 of its levels.
You visited 1 bazaar.
You also visited: Bailey.

You collected 1815 gold pieces.
You spent 1395 gold pieces at shops.

Inventory:

Hand Weapons
 a - the +11 war axe "Grom" {vorpal, *Noise rElec MP+9}
   (You found it on level 3 of the Dungeon)

   It inflicts extra damage upon your enemies.
   rElec:     It insulates you from electricity.
   MP:        It affects your magic capacity (+9).
   *Noise:    It may make noises in combat.
 Q - the +6 quarterstaff of Karma {vamp, *Rage *Noise rF+++ Int+2 Stlth+}
   (You found it on level 1 of the Lair of Beasts)

   It occasionally heals its wielder for a portion of the damage dealt when it
   wounds a living foe.
   Int:       It affects your intelligence (+2).
   rF:        It renders you almost immune to fire.
   *Noise:    It may make noises in combat.
   *Rage:     It berserks you when you make melee attacks (+20% chance).
   Stlth:     It makes you more stealthy.
 S - a +6 dagger of electrocution
Missiles
 A - 5 curare-tipped darts (quivered)
 G - 5 throwing nets
Armour
 e - a +0 hat of see invisible (worn)
 C - a +0 kite shield
Magical Staves
 b - a staff of fire (weapon)
 t - a staff of poison
 v - a staff of cold
 B - a staff of conjuration
Jewellery
 g - a ring of fire (left tentacle)
 n - an amulet of magic regeneration (around mantle)
 s - a ring of magical power (right tentacle)
 J - a ring of see invisible (on tentacle)
 L - a ring of willpower (on tentacle)
 M - a ring of poison resistance (on tentacle)
 N - a +4 ring of protection (on tentacle)
 O - a ring of wizardry (on tentacle)
Wands
 l - a wand of charming (9)
 o - a wand of mindburst (8)
 u - a wand of acid (1)
 x - a wand of iceblast (4)
 F - a wand of digging (4)
 H - a wand of flame (28)
Scrolls
 d - 2 scrolls of brand weapon
 f - 9 scrolls of teleportation
 i - 2 scrolls of fog
 k - 4 scrolls of magic mapping
 m - 3 scrolls of immolation
 q - 2 scrolls of torment
 w - 2 scrolls of poison
 y - 2 scrolls of amnesia
 E - a scroll of summoning
 R - 4 scrolls of identify
 T - a scroll of blinking
Potions
 c - 7 potions of curing
 h - 3 potions of heal wounds
 j - 5 potions of cancellation
 p - 2 potions of lignification
 r - 4 potions of magic
 z - 2 potions of brilliance
 D - 3 potions of might
 I - 5 potions of flight
 P - 2 potions of haste
Miscellaneous
 K - a box of beasts


   Skills:
 + Level 1.8 Fighting
 + Level 0.1 Short Blades
 + Level 0.5(0.6) Axes
 + Level 0.4(0.6) Maces & Flails
 + Level 0.3 Throwing
 + Level 3.8 Dodging
 + Level 6.0 Stealth
 + Level 13.6 Spellcasting
 + Level 10.5 Conjurations
 + Level 3.4 Hexes
 + Level 4.3 Summonings
 + Level 1.2 Translocations
 + Level 14.3 Fire Magic
 + Level 2.1 Air Magic
 + Level 6.2 Poison Magic
 + Level 6.8 Invocations
 + Level 0.1 Evocations


You had 8 spell levels left.
You knew the following spells:

 Your Spells              Type           Power      Damage    Failure   Level
a - Foxfire               Conj/Fire      100%       2x1d9     0%          1
b - Kindle Blastsparks    Fire/Tloc/Air  100%       2d18      1%          3
c - Inner Flame           Hex/Fire       91%        N/A       1%          3
d - Flame Wave            Conj/Fire      100%       2d21      1%          4
e - Scorch                Fire           100%       2d10      0%          2
f - Mephitic Cloud        Conj/Pois/Air  44%        N/A       1%          3
g - Call Imp              Summ           35%        N/A       1%          2
h - Fireball              Conj/Fire      52%        3d20      1%          5
i - Starburst             Conj/Fire      52%        6d14      1%          6
j - Hailstorm             Conj/Ice       39%        3d9       1%          3

Your spell library contained the following spells:

 Spells                   Type           Power      Damage    Failure   Level
 Beastly Appendage        Tmut           30%        N/A       1%          1
 Kiss of Death            Conj/Necr      100%       2d13      1%          1
 Magic Dart               Conj           100%       1d8       1%          1
 Necrotise                Necr           60%        1d7       1%          1
 Sandblast                Erth           30%        2d9       1%          1
 Cigotuvi's Dreadful Rot  Necr/Pois/Air  56%        N/A       1%          2
 Ensorcelled Hibernation  Hex/Ice        46%        N/A       1%          2
 Momentum Strike          Conj/Tloc      84%        3d10      1%          2
 Confusing Touch          Hex            31%        N/A       1%          3
 Portal Projectile        Hex/Tloc       52%        N/A       1%          3
 Spider Form              Tmut/Pois      29%        N/A       1%          3
 Sticky Flame             Conj/Fire      100%       2d11      1%          4
 Passwall                 Tmut/Erth      12%        N/A       2%          2
 Wereblood                Tmut           15%        N/A       2%          2
 Frozen Ramparts          Ice            30%        1d5       4%          3
 Vampiric Draining        Necr           15%        2d7       4%          3
 Anguish                  Hex/Necr       11%        N/A       8%          4
 Leda's Liquefaction      Hex/Erth       11%        N/A       8%          4
 Passage of Golubria      Tloc           21%        N/A       10%         4
 Silence                  Hex/Air        14%        N/A       14%         5
 Dispel Undead            Necr           15%        3d10      16%         4
 Conjure Ball Lightning   Conj/Air       22%        3x3d6     17%         6
 Summon Cactus Giant      Summ           17%        N/A       36%         6
 Agony                    Necr           15%        N/A       38%         5
 Borgnjor's Revivificati  Necr           7%         N/A       100%        8
 Discord                  Hex            15%        N/A       100%        8
 Disjunction              Tloc           10%        N/A       100%        8
 Lehudib's Crystal Spear  Conj/Erth      19%        10d6      100%        8
 Maxwell's Capacitive Co  Air            12%        ∞         100%        8
 Necromutation            Tmut/Necr      7%         N/A       100%        8
 Summon Horrible Things   Summ           17%        N/A       100%        8
 Chain Lightning          Conj/Air       22%        3d29      100%        9
 Death's Door             Necr           7%         N/A       100%        9
 Polar Vortex             Ice            7%         N/A       100%        9


Dungeon Overview and Level Annotations

Branches:
Dungeon (11/15)            Temple (1/1) D:4            Lair (5/5) D:8
 Shoals (0/4) Lair:2       Spider (0/4) Lair:3        Slime (0/5) Lair:5
    Orc (2/2) D:11            Elf (0/3) Orc:2        Bailey (visited)

Altars:
Ashenzari
Cheibriados
Dithmenos
Elyvilon
Fedhas
Gozag
Hepliaklqana
Kikubaaqudgha
Makhleb
Nemelex Xobeh
Okawaru
Qazlal
Ru
Sif Muna
Trog
Uskayaw
Vehumet
Wu Jian
Xom
Yredelemnul
Zin
The Shining One
Jiyva

Shops:
D:5 *   D:8 [   Orc:1 =   Orc:2 *[:(

Annotations:
D:8 3 runed translucent doors
Orc:1 1 runed translucent door, exclusion: 4 orange crystal statues


Innate Abilities, Weirdness & Mutations

You cannot wear most types of armour.
You are amphibious.
You can wear up to eight rings at the same time.
Your skin changes colour to match your surroundings (Stealth+).
Your rubbery body absorbs attacks. (AC +1, EV +1)
((You are camouflaged when in or above water. (Stealth+)))
You have tentacles for arms and can constrict up to eight enemies at once.
You are frail. (-10% HP)


Message History

Unknown command.
Casting: Hailstorm (safe; 1% risk of failure)
Confirm with . or Enter, or press ? or * to list all spells.
Aiming: Fireball (dangerous; 1% risk of failure)
Press: ? - help, Shift-Dir - straight line
Okay, then.
Casting: Fireball (dangerous; 1% risk of failure)
Confirm with . or Enter, or press ? or * to list all spells.
Casting: Hailstorm (safe; 1% risk of failure)
Press: ? - help, Dir - look around, f - activate A cannonade of hail descends around you!
The hail misses the molten gargoyle.
The komodo dragon completely misses you.
Unknown command.
Unknown command.
Unknown command.
Casting: Hailstorm (safe; 1% risk of failure)
Confirm with . or Enter, or press ? or * to list all spells.
Aiming: Mephitic Cloud (safe; 1% risk of failure)
Press: ? - help, Shift-Dir - straight line, f - komodo dragon
Aim: a komodo dragon (moderately wounded, chance to affect: 62%)
Okay, then.
Unknown command.
Casting: Mephitic Cloud (safe; 1% risk of failure)
Confirm with . or Enter, or press ? or * to list all spells.
Aiming: Mephitic Cloud (safe; 1% risk of failure)
Press: ? - help, Shift-Dir - straight line, f - komodo dragon
Aim: a komodo dragon (moderately wounded, chance to affect: 62%)
The ball explodes into a vile cloud!
The stinking cloud engulfs the komodo dragon but does no damage.
The komodo dragon is moderately wounded.
The stinking cloud engulfs you but does no damage.
The stinking cloud engulfs the molten gargoyle but does no damage.
The molten gargoyle is heavily damaged.
You hear an angry hiss.
You hear a bellow!
You hear an angry hiss.
The molten gargoyle hits you with a +0 morningstar!!
You are engulfed in flames.
You resist.
The komodo dragon is engulfed in noxious fumes.
The komodo dragon bites you!!
You die...

................
......................
.........#...........#
.....................
............#.....P.
.............#..... .
...............§§§## ...
................l#.####l....
................@9#§.9l....#
..............#.P9.#........
..................####.9....
...................## ###...
.............5......### ..
......................# .
......................##
.<.....................###
.........................#


You could see a komodo dragon, 2 molten gargoyles and a friendly crimson imp
(summoned).

Vanquished Creatures
  Gastronok (Lair:3)
  An orc warlord (Orc:2)
  Harold (D:9)
  2 catoblepae
  2 hydras
  2 boulder beetles
  5 two-headed ogres
  An alligator (shapeshifter) (D:10)
  Erica (D:9)
  4 death yaks (Lair:5)
  4 orc high priests
  Urug (Orc:1)
  Sonja (Lair:3)
  Nergalle (Lair:3)
  The ghost of anet the Digger, a novice GrCj of Sif Muna (D:10)
  4 orc knights
  4 orc sorcerers (Orc:2)
  A manticore (D:10)
  An oklob plant (D:10)
  A cyclops (D:11)
  5 elephants (Lair:3)
  6 black mambas
  Joseph (D:7)
  A gargoyle (D:10)
  9 cane toads
  The ghost of Lbdfs the Covert, a novice SpEn of Dithmenos (D:7)
  3 kobold demonologists
  4 komodo dragons
  A freezing wraith (D:10)
  A hornet (D:10)
  A tyrant leech (shapeshifter) (D:11)
  2 polar bears
  2 trolls
  12 blink frogs
  Prince Ribbit (D:7)
  A snapping turtle (Lair:2)
  Sigmund (D:2)
  2 shadows
  3 wyverns
  A vampire (D:11)
  A basilisk (Lair:3)
  30 yaks
  A steam dragon (D:9)
  4 wargs
  3 acid dragons
  14 water moccasins
  3 ice beasts
  2 sky beasts
  36 orc warriors
  3 black bears
  5 ogres
  8 centaurs
  9 wolves
  4 kobold brigands
  5 gnoll sergeants
  10 bullfrogs
  4 necrophages
  11 scorpions
  4 wights
  14 killer bees
  2 electric eels
  6 howler monkeys
  2 gnoll boudas
  3 hounds
  17 orc priests
  3 iguanas
  Terence (D:2)
  Jessica (D:2)
  Natasha (thrice) (D:2)
  22 orc wizards
  36 gnolls
  6 adders
  3 white imps
  2 ufetubi (D:5)
  2 worms
  A dart slug (D:4)
  90 orcs
  8 ball pythons
  5 endoplasms
  A giant cockroach (D:4)
  14 goblins
  6 hobgoblins
  3 jackals (D:3)
  5 quokkas
  2 bats
  3 frilled lizards
  38 kobolds
  2 rats
555 creatures vanquished.

Vanquished Creatures (collateral kills)
  2 death yaks (Lair:5)
  A black mamba (Lair:5)
  A kobold (D:8)
  23 foxfires
27 creatures vanquished.

Vanquished Creatures (others)
  An orc wizard (D:10)
  An orc (Orc:2)
  1857 foxfires
  21 fungi
  48 plants
1928 creatures vanquished.

Grand Total: 2510 creatures vanquished

Notes
Turn   | Place    | Note
-------+----------+-------------------------------------------
     0 | D:1      | Conn the Octopode Fire Elementalist began the quest for the
                  | Orb.
     0 | D:1      | Reached XP level 1. HP: 11/11 MP: 3/3
   204 | D:1      | Reached XP level 2. HP: 17/17 MP: 3/5
   467 | D:1      | Found a faded altar of an unknown god.
   693 | D:1      | Got Sezo's Treatise on Sandy Snow
  1265 | D:2      | Noticed Sigmund
  1272 | D:2      | Learned a level 2 spell: Scorch
  1348 | D:2      | Killed Sigmund
  1349 | D:2      | Reached skill level 4 in Fire Magic
  1349 | D:2      | Reached XP level 3. HP: 21/21 MP: 0/7
  1349 | D:2      | Reached XP level 4. HP: 27/27 MP: 0/8
  1349 | D:2      | Reached XP level 5. HP: 31/31 MP: 0/9
  1606 | D:2      | Noticed Jessica
  1611 | D:2      | Killed Jessica
  1642 | D:2      | Noticed Natasha
  1647 | D:2      | Killed Natasha
  1648 | D:2      | Reached XP level 6. HP: 36/36 MP: 9/11
  1704 | D:2      | Noticed Natasha
  1709 | D:2      | Killed Natasha
  1720 | D:2      | Noticed Natasha
  1724 | D:2      | Killed Natasha
  2018 | D:2      | Noticed Terence
  2034 | D:2      | Killed Terence
  2315 | D:3      | Identified the +11 war axe "Grom" {vorpal, *Noise rElec
                  | MP+9}
  2442 | D:3      | Reached skill level 5 in Fire Magic
  2720 | D:3      | Found a blossoming altar of Fedhas.
  2852 | D:4      | Found a stormy altar of Qazlal.
  2891 | D:4      | Reached XP level 7. HP: 41/41 MP: 12/12
  2905 | D:4      | Found a staircase to the Ecumenical Temple.
  2914 | Temple   | Entered the Ecumenical Temple
  3301 | D:4      | You fall into a shaft and drop 2 floors!
  3424 | D:6      | Reached skill level 5 in Stealth
  3424 | D:6      | Reached skill level 6 in Fire Magic
  3424 | D:6      | Reached XP level 8. HP: 47/47 MP: 15/15
  3681 | D:7      | Learned a level 3 spell: Kindle Blastsparks
  3685 | D:7      | Learned a level 3 spell: Inner Flame
  3690 | D:7      | Learned a level 4 spell: Flame Wave
  3740 | D:7      | Reached skill level 5 in Spellcasting
  3753 | D:7      | HP: 2/47 [asphyx]
  3888 | D:7      | Found a sacrificial altar of Ru.
  3939 | D:7      | Noticed Prince Ribbit
  3948 | D:7      | Killed Prince Ribbit
  4207 | D:7      | Reached skill level 7 in Fire Magic
  4307 | D:7      | Reached XP level 9. HP: 46/52 MP: 18/18
  4639 | D:7      | Reached skill level 1 in Hexes
  4816 | D:5      | Entered Level 5 of the Dungeon
  4835 | D:5      | Reached skill level 8 in Fire Magic
  4917 | D:5      | Found Huklihei's Lightly-Used Armoury.
  5041 | D:5      | Found a broken altar of Ashenzari.
  5158 | D:5      | Reached skill level 1 in Air Magic
  5911 | D:6      | Reached skill level 1 in Translocations
  5952 | D:6      | Reached skill level 5 in Conjurations
  6351 | D:6      | Learned a level 3 spell: Mephitic Cloud
  6354 | D:6      | Learned a level 2 spell: Call Imp
  6538 | D:6      | Found an iron altar of Okawaru.
  6584 | D:6      | Found a radiant altar of Vehumet.
  6751 | D:7      | Found a runed translucent door.
  6751 | D:7      | Noticed Lbdfs's ghost (novice SpEn)
  6793 | D:7      | Killed Lbdfs's ghost
  6794 | D:7      | Reached skill level 1 in Summonings
  6794 | D:7      | Reached skill level 1 in Poison Magic
  6794 | D:7      | Reached XP level 10. HP: 57/57 MP: 21/21
  7040 | D:7      | Noticed Joseph
  7049 | D:7      | Killed Joseph
  7050 | D:7      | Reached skill level 9 in Fire Magic
  7279 | D:8      | Found a flagged portal.
  7288 | Bailey   | Entered a bailey
  7306 | Bailey   | Noticed an orc knight
  7347 | Bailey   | Killed an orc knight
  7348 | Bailey   | Reached skill level 1 in Fighting
  7776 | D:8      | Noticed a kobold demonologist
  7777 | D:8      | Noticed a kobold demonologist
  7780 | D:8      | Killed a kobold demonologist
  7782 | D:8      | Noticed an orange demon
  7943 | D:8      | Found a runed translucent gate.
  7944 | D:8      | Found a runed translucent gate.
  7944 | D:8      | Found a runed translucent gate.
  7945 | D:8      | Noticed a green ugly thing
  7945 | D:8      | Noticed a green ugly thing
  7947 | D:8      | Noticed a brown ugly thing
  7950 | D:8      | Noticed a cyan ugly thing
  7952 | D:8      | Noticed a glowing orange brain
  7981 | D:8      | Killed a kobold demonologist
  8059 | D:8      | Found Qeonaepo's Armour Shop.
  8073 | D:8      | Found a staircase to the Lair.
  8362 | D:8      | Found a glowing golden altar of the Shining One.
  8363 | D:8      | Found a shadowy altar of Dithmenos.
  8729 | D:9      | Noticed Harold
  8735 | D:9      | Killed Harold
  8736 | D:9      | Reached XP level 11. HP: 52/63 MP: 23/23
  8781 | D:9      | Reached skill level 10 in Fire Magic
  9023 | D:9      | Reached skill level 5 in Poison Magic
  9261 | D:9      | Learned a level 5 spell: Fireball
  9278 | D:9      | Noticed Erica
  9281 | D:9      | Killed Erica
  9315 | D:9      | Noticed a two-headed ogre
  9324 | D:9      | Killed a two-headed ogre
  9937 | D:10     | Entered Level 10 of the Dungeon
  9973 | D:10     | Found a transporter.
  9974 | D:10     | Found a transporter.
  9974 | D:10     | Noticed an oklob plant
  9975 | D:10     | Noticed a two-headed ogre
  9985 | D:10     | Noticed a two-headed ogre
  9990 | D:10     | Noticed a five-headed hydra
  9994 | D:10     | Noticed anet's ghost (novice GrCj)
  9994 | D:10     | Noticed a two-headed ogre
 10002 | D:10     | Noticed a harpy
 10014 | D:10     | Noticed a cyclops
 10229 | D:10     | Noticed a sea snake
 10232 | D:10     | a sea snake changed into a moth of wrath
 10232 | D:10     | Noticed a moth of wrath (shapeshifter)
 10294 | D:10     | Noticed a manticore
 10301 | D:10     | Killed a manticore
 10686 | D:10     | Found a shimmering blue altar of Sif Muna.
 10694 | D:10     | Became a worshipper of Sif Muna the Loreminder
 10833 | D:11     | Noticed a boulder beetle
 10871 | D:11     | Noticed a catoblepas
 10876 | D:11     | Noticed a boulder beetle
 10938 | D:11     | Noticed a cyclops
 10949 | D:11     | Killed a cyclops
 10950 | D:11     | Reached skill level 1 in Invocations
 11471 | D:11     | Reached XP level 12. HP: 19/69 MP: 22/25
 11472 | D:11     | Reached skill level 11 in Fire Magic
 11942 | D:11     | Noticed a ghost moth
 11948 | D:11     | a ghost moth changed into an ice dragon
 11948 | D:11     | Noticed an ice dragon (shapeshifter)
 12110 | D:10     | Learned a level 6 spell: Starburst
 12142 | D:10     | Gained mutation: You do not regenerate when monsters are
                  | visible. [potion of mutation]
 12142 | D:10     | Gained mutation: You occasionally lose the ability to drink
                  | potions when taking damage. [potion of mutation]
 12143 | D:10     | Lost mutation: You occasionally lose the ability to drink
                  | potions when taking damage. [potion of mutation]
 12143 | D:10     | Lost mutation: You do not regenerate when monsters are
                  | visible. [potion of mutation]
 12143 | D:10     | Gained mutation: You are covered in fur. (AC +1) [potion of
                  | mutation]
 12143 | D:10     | Gained mutation: Your body sometimes deteriorates upon
                  | taking damage. [potion of mutation]
 12147 | D:10     | Reached skill level 10 in Spellcasting
 12150 | D:10     | Reached * piety under Sif Muna
 12150 | D:10     | Killed a two-headed ogre
 12150 | D:10     | Killed a two-headed ogre
 12151 | D:10     | Killed a five-headed hydra
 12153 | D:10     | Killed anet's ghost
 12153 | D:10     | Noticed an alligator
 12168 | D:10     | an alligator changed into a boulder beetle
 12168 | D:10     | Noticed a boulder beetle (shapeshifter)
 12175 | D:10     | Killed a two-headed ogre
 12181 | D:10     | a boulder beetle changed into a goliath frog
 12221 | D:10     | Noticed an alligator
 12225 | D:10     | Killed an alligator
 12329 | D:10     | Identified the +4 giant spiked club "Okheopnil" {holy,
                  | rElec}
 12382 | D:11     | Killed a catoblepas
 12573 | D:11     | Killed a boulder beetle
 12683 | D:11     | Identified the +1 scale mail of the Stained Jabberwock
                  | {rF++ SInv}
 12768 | D:11     | Got Siklug's Book of Shocking Combat Magic
 12775 | D:11     | Learned a level 3 spell: Hailstorm
 12879 | D:11     | Found a staircase to the Orcish Mines.
 12884 | Orc:1    | Entered Level 1 of the Orcish Mines
 12905 | Orc:1    | Found a runed translucent door.
 12920 | Orc:1    | Found the +10 tower shield of Ignorance {rN+ Int-4}
 13093 | Orc:1    | Found Nofeh's Jewellery Shoppe.
 13131 | Orc:1    | Bought a ring of willpower for 275 gold pieces
 13131 | Orc:1    | Bought a ring of poison resistance for 220 gold pieces
 13131 | Orc:1    | Bought a +4 ring of protection for 396 gold pieces
 13248 | Orc:1    | Found a runed translucent door.
 13326 | Orc:1    | Noticed Urug
 13334 | Orc:1    | Reached ** piety under Sif Muna
 13336 | Orc:1    | Killed Urug
 13337 | Orc:1    | Reached skill level 5 in Invocations
 13344 | Orc:1    | Noticed an orc high priest
 13356 | Orc:1    | Killed an orc high priest
 13357 | Orc:1    | Reached skill level 12 in Fire Magic
 13672 | Orc:2    | Entered Level 2 of the Orcish Mines
 13683 | Orc:1    | Noticed a two-headed ogre
 13699 | Orc:1    | Killed a two-headed ogre
 13700 | Orc:1    | Reached XP level 13. HP: 51/74 MP: 28/28
 13909 | Orc:2    | Found a staircase to the Elven Halls.
 14301 | Orc:2    | Noticed an orc warlord
 14312 | Orc:2    | Killed an orc warlord
 14439 | Orc:2    | Reached *** piety under Sif Muna
 14664 | Orc:2    | HP: 3/74 [orc priest/divine providence (14)]
 15185 | Orc:2    | Found Moises's General Store.
 15186 | Orc:2    | Found Nusu's Book Shoppe.
 15188 | Orc:2    | Found Ozxux's Antique Armour Shoppe.
 15188 | Orc:2    | Found Irixuur's Antique Weapon Emporium.
 15204 | Orc:2    | Bought a potion of lignification for 39 gold pieces
 15551 | Orc:2    | Found a gateway to a bazaar.
 15561 | Bazaar   | Entered a bazaar
 15561 | Bazaar   | Found Ruskadde's Jewellery Emporium.
 15561 | Bazaar   | Found Idox's Weapon Shoppe.
 15588 | Bazaar   | Found Ywe Larr's General Store.
 15607 | Bazaar   | Found Miamofay's Distillery.
 15621 | Bazaar   | Found Haovvy's Book Shop.
 15657 | Bazaar   | Bought a ring of wizardry for 360 gold pieces
 15729 | Bazaar   | Bought a potion of haste for 70 gold pieces
 15729 | Bazaar   | Bought a potion of heal wounds for 35 gold pieces
 16165 | Lair:1   | Entered Level 1 of the Lair of Beasts
 16188 | Lair:1   | Identified the +6 quarterstaff of Karma {vamp, *Rage *Noise
                  | rF+++ Int+2 Stlth+}
 16621 | Lair:1   | Reached skill level 13 in Fire Magic
 17221 | Lair:2   | Got the Monograph on Called Hypothermia
 17265 | Lair:2   | Reached **** piety under Sif Muna
 17579 | Lair:2   | Found a staircase to the Shoals.
 18256 | Lair:3   | Noticed Nergalle
 18273 | Lair:3   | Killed Nergalle
 18409 | Lair:3   | Noticed Sonja
 18418 | Lair:3   | Killed Sonja
 18419 | Lair:3   | Reached XP level 14. HP: 72/80 MP: 28/30
 18438 | Lair:3   | Lost mutation: Your body sometimes deteriorates upon taking
                  | damage. [potion of mutation]
 18438 | Lair:3   | Lost mutation: You are covered in fur. (AC +1) [potion of
                  | mutation]
 18438 | Lair:3   | Gained mutation: You are frail. (-10% HP) [potion of
                  | mutation]
 18598 | Lair:3   | Noticed Gastronok
 18605 | Lair:3   | Killed Gastronok
 18626 | Lair:3   | Found a hole to the Spider Nest.
 19587 | Lair:4   | Reached skill level 10 in Conjurations
 19593 | Lair:4   | Reached skill level 14 in Fire Magic
 19689 | Lair:4   | You fall into a shaft and drop 1 floor!
 19689 | Lair:5   | Entered Level 5 of the Lair of Beasts
 19689 | Lair:5   | Found a viscous altar of Jiyva.
 19689 | Lair:5   | Found a staircase to the Slime Pits.
 19725 | Lair:5   | Reached ***** piety under Sif Muna
 19874 | Lair:5   | Received a gift from Sif Muna
 20034 | Lair:5   | Got Sif Muna's Textbook on the Fey Storm {god gift}
 20242 | Lair:5   | Slain by a komodo dragon

Illustrated notes

Levels and vault maps discovered:
D:1:      heliophobic_arrival_enchanted_forest, layout_basic,
          hellmonk_ecumenical_altar_inner_sanctum
D:2:      layout_loops_ring, nicolae_eternal_life, hangedman_decor_peaks_small,
          uniq_natasha, uniq_sigmund, uniq_terence, uniq_jessica
D:3:      layout_basic, mainiacjoe_overflow_alcove_4
D:4:      layout_basic, mainiacjoe_overflow_chevrons, minmay_temple_entry_hall,
          chequers_serial_rivers_small_a
D:5:      layout_rooms, ashenzari_altar_1, minmay_shop_damaged
D:6:      layout_cave_pools, mainiacjoe_overflow_catwalk_spiral,
          roderic_lattice_a, nicolae_concentric_dashed_squares_mild,
          kennysheep_donut
D:7:      layout_basic, nicolae_ru_path_of_blood,
          hellmonk_ghost_happy_afterlife, grunt_ministairs_11,
          kennysheep_generic_room_6, uniq_joseph, uniq_prince_ribbit1
D:8:      layout_rooms, mainiacjoe_overflow_big_doors, lair_entry_dummy,
          serial_shops, shop, ploomutoo_gammafunk_ghost_potion_laboratory,
          enter_bailey_3
D:9:      layout_loops_corners, uniq_erica, uniq_harold
D:10:     layout_irregular_city, kennysheep_orc_sif_temple, nzn_ghost_randoct
D:11:     layout_layer_cave, hiddenorc1_lemuel, minmay_misc_feat_nine_boxes,
          minmay_diamond_spiral
Temple:   dshaligram_water_room_temple
Lair:1:   layout_hall_layers, serial_bayou_pond_c
Lair:2:   layout_loops_ring, minmay_shoals_entry_hut, roderic_carrion_pond
Lair:3:   layout_layer_cave, nicolae_spider_entry_non_spiders, uniq_nergalle,
          uniq_gastronok, uniq_sonja
Lair:4:   layout_cellular_growth
Lair:5:   cheibrodos_lair_end_hotspot, layout_gridlike, slime_entry_1
Orc:1:    layout_diamond_mine, serial_shops, shop,
          chequers_guarded_unrand_ignorance, uniq_urug
Orc:2:    st_orc_congregation, layout_diamond_mine, serial_shops, bzr_entry_safe

Skill      XL: |  1  2  3  4  5  6  7  8  9 10 11 12 13 14 |
---------------+-------------------------------------------+-----
Stealth        | 3 4 5 6 |  6.0
Spellcasting   | 3 4 6 7 8 9 11 12 13 | 13.6
Conjurations   | 2 3 4 5 6 7 8 9 10 | 10.5
Fire Magic     | 4 5 6 7 8 9 10 12 13 14 | 14.3
Hexes          | 1 2 3 |  3.4
Air Magic      | 1 2 |  2.1
Translocations | 1 |  1.2
Summonings     | 1 3 4 |  4.3
Poison Magic   | 1 4 6 |  6.2
Fighting       | 1 |  1.8
Dodging        | 3 |  3.8
Invocations    | 1 5 6 |  6.8
Short Blades   | |  0.1
Axes           | |  0.5
Maces & Flails | |  0.4
Throwing       | |  0.3
Evocations     | |  0.1

Action                   |  1- 3 |  4- 6 |  7- 9 | 10-12 | 13-15 || total
-------------------------+-------+-------+-------+-------+-------++-------
Melee: Dagger            |     1 |    12 |       |       |       ||    13
       Constrict         |       |     9 |     3 |     6 |     3 ||    21
       Tentacles         |       |     6 |     1 |     8 |     4 ||    19
       Mace              |       |     5 |       |       |       ||     5
       War axe           |       |     4 |     4 |     4 |       ||    12
       Staff             |       |       |     6 |    16 |    13 ||    35
       Punch             |       |       |       |       |     1 ||     1
Throw: Dart              |       |       |     2 |     2 |     1 ||     5
       Throwing net      |       |       |       |     1 |       ||     1
 Cast: Foxfire           |    40 |    96 |   172 |   320 |   447 ||  1075
       Scorch            |       |     5 |    56 |    85 |    79 ||   225
       Flame Wave        |       |       |     7 |    28 |    25 ||    60
       Kindle Blastspark |       |       |     3 |       |       ||     3
       Inner Flame       |       |       |     2 |    28 |    42 ||    72
       Call Imp          |       |       |     1 |     7 |     2 ||    10
       Mephitic Cloud    |       |       |       |    11 |     7 ||    18
       Fireball          |       |       |       |    11 |    34 ||    45
       Starburst         |       |       |       |     1 |    11 ||    12
       Hailstorm         |       |       |       |       |     2 ||     2
Evoke: Wand              |       |       |     1 |       |       ||     1
  Use: Potion            |       |       |     3 |     6 |     6 ||    15
       Scroll            |       |       |       |    21 |     5 ||    26
 Stab: Sleeping          |     1 |     6 |     1 |     2 |       ||    10
Armor: Skin              |       |     3 |     1 |     4 |    17 ||    25
Dodge: Dodged            |     3 |    14 |    42 |    56 |    67 ||   182

Table legend: (Time is in decaauts)
 A = Elapsed time spent in this place.
 B = Non-inter-level travel time spent in this place.
 C = Inter-level travel time spent in this place.
 D = Time resting spent in this place.
 E = Time spent auto-exploring this place.
 F = Levels seen in this place.
 G = Mean time per level.
                   A        B        C        D        E       F      G
               +--------+--------+--------+--------+--------+-----+--------+
         Total |  20276 |  19634 |    642 |   1353 |  12347 |  21 |  965.5 |
       Dungeon |  12474 |  11957 |    517 |    802 |   7873 |  11 | 1134.0 |
        Temple |    145 |    134 |     11 |      0 |    113 |   1 |  145.0 |
          Lair |   4077 |   4005 |     72 |      0 |   2991 |   5 |  815.4 |
  Orcish Mines |   2953 |   2911 |     42 |    532 |   1274 |   2 | 1476.5 |
        Bazaar |    218 |    218 |      0 |      0 |      0 |   1 |  218.0 |
        Bailey |    406 |    406 |      0 |     19 |     96 |   1 |  406.0 |
               +--------+--------+--------+--------+--------+-----+--------+

Top non-repeatable levels by time:
     D:7: 1779 daAuts
   Orc:2: 1738 daAuts
    D:11: 1699 daAuts
  Lair:3: 1381 daAuts
    D:10: 1309 daAuts
     D:1: 1273 daAuts
   Orc:1: 1214 daAuts
     D:9: 1211 daAuts
     D:8: 1111 daAuts
  Lair:2: 1051 daAuts
     D:2: 987 daAuts
     D:6: 981 daAuts
  Lair:1: 954 daAuts
     D:4: 779 daAuts
     D:5: 693 daAuts
